 Dungeon Crawl Stone Soup version 0.15.0-14-g6bbbb5c (console) character file.

40960 gw the Severer (level 13, -3/135 HPs)
             Began as a Deep Dwarf Fighter on Sept 4, 2014.
             Was an Elder of Makhleb.
             Slain by a killer bee (4 damage)
             ... on Level 13 of the Dungeon.
             The game lasted 00:16:05 (19806 turns).

gw the Severer (Deep Dwarf Fighter)                Turns: 19806, Time: 00:16:05

HP  -3/135       AC 26     Str 22      XL: 13   Next: 77%
MP   8/8         EV  7     Int  8      God: Makhleb [****..]
Gold 0           SH  0     Dex 16      Spells:  0 memorised, 12 levels left

rFire  + . .     SeeInvis .     O - +2 battleaxe (freeze)
rCold  . . .     Clarity  .     B - +3 plate armour
rNeg   . . .     rCorr    .     (no shield)
rPois  .         rRot     .     r - +2 helmet
rElec  .         Spirit   .     g - +0 cloak
SustAb .         Warding  .     z - +0 pair of gloves
rMut   .         Stasis   .     k - +0 pair of boots
Gourm  .                        c - amulet of faith
MR     ++...                    K - ring of protection from magic
                                m - cursed ring of protection from fire

@: lethally poisoned, weakened, non-regenerating, very resistant to hostile
enchantments, extremely unstealthy
A: damage resistance, recharge devices, sense surroundings 2, robust 1, slow
healing 3
a: Device Recharging, Minor Destruction, Lesser Servant of Makhleb, Major
Destruction, Renounce Religion


You were on level 13 of the Dungeon.
You worshipped Makhleb.
Makhleb was greatly pleased with you.
You were hungry.

You visited 3 branches of the dungeon, and saw 22 of its levels.

Inventory:

Hand weapons
 O - a +2 battleaxe of freezing (weapon)
Missiles
 o - 264 stones
 L - 2 steel tomahawks (quivered)
Armour
 g - a +0 cloak (worn)
 k - a +0 pair of boots (worn)
 r - a +2 helmet (worn)
 z - a +0 pair of gloves (worn)
 B - a +3 plate armour (worn)
Magical devices
 b - a wand of paralysis (12)
 d - a wand of heal wounds (3)
 h - a wand of enslavement (5)
 n - a wand of confusion (4)
 v - a wand of lightning (0)
 y - a wand of polymorph (14)
 A - a wand of draining (2)
 D - a wand of digging (7)
 F - a wand of magic darts (8)
 I - a wand of disintegration (9)
 J - a wand of invisibility (2)
 M - a wand of fire (9)
Comestibles
 f - 9 bread rations
 j - 8 meat rations
 u - 2 royal jellies
 w - 14 fruits
 C - 9 beef jerkies
 G - 2 slices of pizza
 H - 2 rotting chunks of human flesh
Scrolls
 e - 7 scrolls of enchant armour
 p - 16 scrolls of identify
 s - 11 scrolls of remove curse
Jewellery
 c - an amulet of faith (around neck)
 m - a cursed ring of protection from fire (left hand)
 K - a ring of protection from magic (right hand)
Potions
 i - 3 potions of haste
 l - 2 potions of brilliance
 q - 6 potions of curing
 t - a potion of cancellation
 x - 4 potions of resistance
 E - 3 potions of restore abilities


   Skills:
 + Level 10.0 Fighting
 * Level 15.3 Axes
 + Level 9.5 Throwing
 + Level 11.4 Armour
   Level 3.2 Shields
 + Level 10.1 Invocations


You had 12 spell levels left.
You didn't know any spells.

Dungeon Overview and Level Annotations

Branches:
Dungeon (13/15)            Temple (1/1) D:6             Orc (0/4) D:12
   Lair (8/8) D:9           Swamp (0/5) Lair:6       Vaults (0/5) D:13
  Snake: Lair:3-6    Spider: Lair:3-6     Slime: Lair:6-8

Altars:
Ashenzari
Cheibriados
Dithmenos
Elyvilon
Fedhas
Kikubaaqudgha
Makhleb
Nemelex Xobeh
Okawaru
Qazlal
Sif Muna
Trog
Vehumet
Xom
Yredelemnul
Zin
The Shining One

Shops:
D:5 [   D:8 %   D:13 !

Annotations:
D:4 exclusion: downstairs
D:6 exclusion: downstairs
D:8 gw's ghost, experienced DDFi
D:12 exclusion: downstairs
Lair:2 exclusion: downstairs
Lair:3 exclusion: downstairs
Lair:7 exclusion: downstairs


Innate Abilities, Weirdness & Mutations

You are resistant to damage.
You can recharge devices by infusing magical energy.
You passively map the area around you.
You do not heal naturally.
You are robust (+10% HP).


Message History

MOVING TO (-4,0)
You feel very sick.
The killer bee stings you but does no damage.
MOVING TO (-3,0)
You feel sick. The killer bee barely misses you.
MOVING TO (-2,0)
You feel sick. The killer bee closely misses you.
MOVING TO (-1,0)
You feel sick.
The killer bee stings you but does no damage. x2
MOVING TO (-1,8)
You feel sick. The killer bee stings you.
You are lethally poisoned!
The killer bee poisons you!
MOVING TO (0,7)
You feel very sick.
The killer bee stings you but does no damage.
MOVING TO (0,6)
You feel sick. The killer bee stings you!
You die...

,, ~~ #.........J.\..y...
, ~ #.....#####...##### ~
#.....# ##.## # , #.....#
#.# , ~
###.###.....######.######
~
#.......c....E..4.(.....3
, ~
#.##.###y######.....#####
..~~~ #.. #y######.....#
** ''#* #.#
#.##g.....#......... ..#
#.# #..#...(..####.......
..# #.# ##.#......#
#......[
..#######.###........##
*#.......
.....[...J...E[......#
,......,
...........4.........#,
..... ,
.......).............# ,
. *
................>....# ,
, (...........)........#
,, ,,


You could see a centaur warrior and 2 killer bees.

Table legend:
 A = Turns spent in this place as a percentage of turns spent in the entire game.
 B = Non-inter-level travel turns spent in this place as a percentage of non-inter-level travel turns spent in the entire game.
 C = Inter-level travel turns spent in this place as a percentage of turns spent in this place.
 D = Turns resting spent in this place as a percentage of non-inter-level travel turns spent in this place.
 E = Turns spent auto-exploring this place as a percentage of non-inter-level travel turns spent in this place.
 F = Non-inter-level travel turns spent in this place divided by the number of levels of this place that you've seen.
                   A       B       C       D       E      F
               +-------+-------+-------+-------+-------+----------------------
         Total | 100.0 | 100.0 |   8.2 |   0.2 |  14.9 | 308.1
       Dungeon |  72.8 |  71.1 |  10.4 |   0.1 |  15.3 | 370.7
        Temple |   0.2 |   0.2 |  18.8 |   0.0 |  46.2 |  13.0
          Lair |  26.9 |  28.7 |   2.2 |   0.4 |  13.7 | 243.4
               +-------+-------+-------+-------+-------+----------------------

Table legend:
 A = Kills in this place as a percentage of kills in entire the game.
 B = Kills by you in this place as a percentage of kills by you in the entire game.
 C = Kills by friends in this place as a percentage of kills by friends in the entire game.
 D = Other kills in this place as a percentage of other kills in the entire game.
 E = Experience gained in this place as a percentage of experience gained in the entire game.
 F = Experience gained in this place divided by the number of levels of this place that you have seen.
                   A       B       C       D       E      F
               +-------+-------+-------+-------+-------+----------------------
         Total | 100.0 | 100.0 | 100.0 |  -nan | 100.0 | 2659.8
       Dungeon |  67.2 |  70.2 |  35.6 |  -nan |  54.9 | 2470.5
          Lair |  32.8 |  29.8 |  64.4 |  -nan |  45.1 | 3299.8
               +-------+-------+-------+-------+-------+----------------------

Vanquished Creatures
  Rupert (Lair:7)
  6 vault guards (D:13)
  Harold (Lair:6)
  2 hydras (Lair:6)
  A centaur warrior (D:13)
  A tengu warrior (D:13)
  Erolcha (D:8)
  A catoblepas (Lair:3)
  An unseen horror (D:12)
  3 hill giants (D:12)
  Pikel (D:9)
  An ugly thing (D:11)
  A griffon (Lair:7)
  A manticore (D:13)
  A cyclops (D:12)
  2 black mambas
  An octopode (shapeshifter) (D:13)
  4 smoke demons
  An orange demon (Lair:6)
  5 spiny frogs
  Psyche (D:12)
  2 komodo dragons
  3 hellwings
  5 trolls
  A fire drake (Lair:6)
  The ghost of gw the Chopper, an average DDFi (D:4)
  A hydra zombie (D:12)
  2 two-headed ogres
  4 blink frogs
  A redback (Lair:8)
  2 ynoxinuls
  A deep elf mage (D:12)
  A hill giant zombie (D:11)
  17 yaks
  4 vampire mosquitoes (D:12)
  21 wolves
  A wyvern (D:9)
  A hungry ghost (D:9)
  8 hippogriffs
  Grum (D:8)
  A hippogriff (shapeshifter) (D:13)
  2 hill giant skeletons
  4 slaves
  A water moccasin (D:12)
  7 ogres
  8 ice beasts
  5 orc warriors
  9 porcupines
  4 sky beasts
  A yellow wasp (D:13)
  8 centaurs
  A phantom (D:13)
  7 crocodiles
  A gnoll sergeant (D:11)
  Blork the orc (D:8)
  A komodo dragon skeleton (D:12)
  17 giant frogs
  2 scorpions
  8 killer bees
  An eye of draining (D:11)
  3 wights (D:7)
  A jelly (D:10)
  2 goliath beetles
  2 quasits
  3 orc priests
  5 crimson imps
  11 hounds
  A centaur skeleton (D:3)
  2 giant frog skeletons
  6 orc wizards
  7 iguanas
  9 worker ants
  Natasha (thrice) (D:4)
  15 sheep
  A crocodile zombie (D:7)
  An ogre zombie (D:7)
  A hound zombie (D:11)
  A hound skeleton (D:4)
  A mummy (D:11)
  15 adders
  11 gnolls
  A scorpion zombie (D:7)
  37 green rats
  A white imp (D:4)
  4 worms
  2 ufetubi
  4 giant geckos
  An ooze (D:3)
  38 orcs
  16 bats
  2 bat skeletons
  3 giant cockroaches
  16 hobgoblins
  7 jackals
  A giant gecko zombie (D:8)
  6 giant newts
  9 goblins
  8 kobolds
  2 orc skeletons
  12 quokkas
  20 rats
  A bush (D:3)
  6 fungi
  6 plants
507 creatures vanquished.

Vanquished Creatures (collateral kills)
  Gastronok (Lair:2)
  A vault guard (D:13)
  2 hydras
  A hill giant (D:12)
  A cyclops (D:13)
  A griffon (Lair:4)
  3 blink frogs
  A troll (D:11)
  13 yaks
  A ynoxinul (D:13)
  A hippogriff (Lair:7)
  A hungry ghost (D:13)
  A wraith (D:12)
  5 wolves
  2 water moccasins
  A porcupine (Lair:7)
  3 ice beasts (D:11)
  A giant frog (Lair:6)
  A killer bee (D:13)
  A centaur zombie (D:12)
  2 green rats (Lair:6)
  An ufetubus (Lair:7)
  An orc (D:11)
  A quokka (Lair:6)
47 creatures vanquished.

Vanquished Creatures (others)
  An Executioner (D:13)
  A green death (D:13)
  A blizzard demon (D:12)
  3 smoke demons
  3 orange demons
  2 hellwings
  2 ynoxinuls
  3 neqoxecs
  7 ufetubi
  A bush (D:3)
  2 fungi
26 creatures vanquished.

Grand Total: 580 creatures vanquished

Notes
Turn   | Place    | Note
--------------------------------------------------------------
     0 | D:1      | gw, the Deep Dwarf Fighter, began the quest for the Orb.
     0 | D:1      | Reached XP level 1. HP: 20/20 MP: 1/1
   781 | D:1      | Reached XP level 2. HP: 27/27 MP: 2/2
  1084 | D:1      | Gained mutation: Armour fits poorly on your strangely shaped body. [potion of mutation]
  1084 | D:1      | Gained mutation: You have sharp fingernails. [potion of mutation]
  1084 | D:1      | Gained mutation: You are frail (-10% HP). [potion of mutation]
  1242 | D:2      | Found a white marble altar of Elyvilon.
  1325 | D:2      | Reached XP level 3. HP: 24/30 MP: 3/3
  1633 | D:2      | Reached skill level 1 in Throwing
  1651 | D:2      | Reached XP level 4. HP: 24/37 MP: 4/4
  2309 | D:3      | Reached skill level 4 in Armour
  2346 | D:3      | Reached XP level 5. HP: 40/44 MP: 5/5
  2715 | D:3      | Found a blossoming altar of Fedhas.
  2716 | D:3      | Noticed a centaur
  2816 | D:3      | Killed a centaur
  2850 | D:3      | Reached XP level 6. HP: 39/50 MP: 6/6
  2954 | D:3      | Reached skill level 5 in Axes
  3298 | D:4      | Noticed gw's ghost (average DDFi)
  3454 | D:4      | Reached skill level 5 in Armour
  3515 | D:4      | Noticed Natasha
  3524 | D:4      | Killed Natasha
  3524 | D:4      | Reached XP level 7. HP: 32/57 MP: 7/7
  3757 | D:4      | Noticed Natasha
  3759 | D:4      | Killed Natasha
  3989 | D:4      | Killed gw's ghost
  3989 | D:4      | Reached skill level 6 in Axes
  4273 | D:4      | Noticed Natasha
  4282 | D:4      | Killed Natasha
  4654 | D:4      | Lost mutation: You are frail (-10% HP). [potion of cure mutation]
  4654 | D:4      | Lost mutation: Armour fits poorly on your strangely shaped body. [potion of cure mutation]
  4654 | D:4      | Lost mutation: You have sharp fingernails. [potion of cure mutation]
  4721 | D:5      | Entered Level 5 of the Dungeon
  4764 | D:5      | Found Ujigaqio's Armour Boutique.
  4838 | D:4      | Gained mutation: You are robust (+10% HP). [potion of beneficial mutation]
  4857 | D:5      | Reached XP level 8. HP: 47/80 MP: 6/6
  4955 | D:5      | Reached skill level 7 in Axes
  5247 | D:6      | Found a stormy altar of Qazlal.
  5277 | D:6      | Reached skill level 5 in Fighting
  6141 | D:6      | Reached skill level 8 in Axes
  6474 | D:6      | Found a staircase to the Ecumenical Temple.
  6768 | Temple   | Entered the Ecumenical Temple
  6954 | D:8      | Gained mutation: You passively map the area around you. [level up]
  6954 | D:8      | Reached XP level 9. HP: 47/90 MP: 6/6
  7914 | D:8      | Reached skill level 9 in Axes
  7937 | D:8      | Found Phautau's Food Shoppe.
  7966 | D:8      | Reached skill level 5 in Throwing
  7977 | D:8      | Noticed Erolcha
  7991 | D:8      | Killed Erolcha
  8226 | D:8      | Noticed Grum
  8230 | D:8      | Reached skill level 10 in Axes
  8240 | D:8      | Killed Grum
  8258 | D:8      | Noticed Blork the orc
  8272 | D:8      | Killed Blork the orc
  8272 | D:8      | Reached XP level 10. HP: 64/101 MP: 5/5
  8464 | D:8      | Noticed gw's ghost (experienced DDFi)
  9083 | D:7      | Found a sparkling altar of Nemelex Xobeh.
  9329 | D:7      | Found a burning altar of Makhleb.
  9347 | D:7      | Became a worshipper of Makhleb the Destroyer
  9516 | D:7      | Reached skill level 1 in Invocations
  9802 | D:9      | Acquired Makhleb's first power
  9869 | D:9      | Noticed Pikel
 10138 | D:9      | Found a staircase to the Lair.
 10231 | D:9      | Killed Pikel
 10231 | D:9      | Reached skill level 11 in Axes
 11024 | D:10     | Entered Level 10 of the Dungeon
 11055 | D:10     | Acquired Makhleb's second power
 11877 | D:11     | Acquired Makhleb's third power
 11920 | D:11     | Found a frozen archway.
 11929 | D:11     | Reached XP level 11. HP: 107/110 MP: 12/12
 12123 | D:11     | Noticed a white ugly thing
 12136 | D:11     | Killed a white ugly thing
 12438 | D:11     | Acquired Makhleb's fourth power
 12438 | D:11     | Reached skill level 12 in Axes
 12626 | Lair:1   | Entered Level 1 of the Lair of Beasts
 13146 | Lair:1   | Reached skill level 5 in Invocations
 13271 | Lair:2   | Noticed a four-headed hydra
 13464 | Lair:2   | Noticed Gastronok
 13482 | Lair:2   | Killed Gastronok
 13597 | Lair:2   | Killed a ten-headed hydra
 13792 | Lair:3   | Noticed a catoblepas
 13800 | Lair:3   | Killed a catoblepas
 14104 | Lair:3   | Reached skill level 13 in Axes
 14104 | Lair:3   | Reached XP level 12. HP: 46/123 MP: 12/12
 14111 | Lair:3   | Reached skill level 10 in Armour
 15956 | Lair:6   | Noticed a seven-headed hydra
 15965 | Lair:6   | Killed a 11-headed hydra
 16464 | Lair:6   | Noticed an eight-headed hydra
 16534 | Lair:6   | Killed a 19-headed hydra
 16826 | Lair:6   | Noticed Harold
 16839 | Lair:6   | Killed Harold
 16863 | Lair:6   | Found a staircase to the Swamp.
 17201 | Lair:7   | Noticed a five-headed hydra
 17221 | Lair:7   | Killed a 12-headed hydra
 17221 | Lair:7   | Reached skill level 14 in Axes
 17606 | Lair:7   | Noticed Rupert
 17624 | Lair:7   | Killed Rupert
 17624 | Lair:7   | Reached XP level 13. HP: 70/133 MP: 8/8
 17967 | Lair:8   | Entered Level 8 of the Lair of Beasts
 18321 | D:12     | Noticed Psyche
 18327 | D:12     | Killed Psyche
 18389 | D:12     | Acquired Makhleb's fifth power
 18709 | D:12     | Found a staircase to the Orcish Mines.
 19424 | D:13     | Found Qerah's Distillery.
 19468 | D:13     | Found a gate to the Vaults.
 19532 | D:13     | Reached skill level 15 in Axes
 19547 | D:13     | Reached skill level 10 in Fighting
 19555 | D:13     | Reached skill level 10 in Invocations
 19804 | D:13     | HP: 6/135 [poisoned by a killer bee]
 19806 | D:13     | HP: 1/135 [poisoned by a killer bee]
 19806 | D:13     | Slain by a killer bee

Action                   |  1- 3 |  4- 6 |  7- 9 | 10-12 | 13-15 || total
-------------------------+-------+-------+-------+-------+-------++-------
Melee: War axe           |   123 |   255 |   265 |   661 |   165 ||  1469
       Battleaxe         |       |       |       |       |    24 ||    24
Throw: Stone             |    52 |    46 |    73 |   182 |    79 ||   432
       Tomahawk          |       |    25 |    64 |   123 |    13 ||   225
Invok: Minor Destruction |       |       |       |    62 |    21 ||    83
       Lesser Servant of |       |       |       |    45 |    12 ||    57
       Major Destruction |       |       |       |    22 |       ||    22
       Greater Servant o |       |       |       |       |     3 ||     3
 Abil: Device Recharging |       |       |     5 |    12 |     2 ||    19
Evoke: Wand              |     1 |     5 |    17 |    61 |     8 ||    92
  Use: Scroll            |     4 |     6 |     7 |    10 |     2 ||    29
       Potion            |     2 |     6 |     7 |    11 |       ||    26
 Stab: Distracted        |       |       |       |     5 |     3 ||     8
  Eat: Chunk             |     3 |     6 |     7 |    24 |     9 ||    49
       Bread ration      |       |       |     2 |     3 |       ||     5
       Royal jelly       |       |       |       |     1 |       ||     1

Vault maps used:
D:1:      elethiomel_arrival_infinity_welcomes_careful_drivers,
          serial_corexii_hall, corexii_hall_statues_u, corexii_hall_statues_i,
          hangedman_decor_diamond_cutter
D:2:      nicolae_overflow_hidden_temple, grunt_ministairs_12,
          serial_bayou_pond_a
D:3:      fedhas_bush_and_centaur_altar, first_bread,
          kennysheep_cross_bottleneck
D:4:      uniq_natasha
D:5:      serial_shops, nicolae_shop_waterfront
D:6:      grunt_qazlal_clouds, minmay_temple_entry_nine_rooms
D:7:      bloody_makhleb, nemelex_xobeh_ov_fountains_minmay, grunt_ogre_cave
D:8:      serial_shops, shop, hangedman_abyss_or_decor_lesser_grid, uniq_grum,
          uniq_erolcha, uniq_blork_the_orc
D:9:      due_lair_maze_entry_diamond, uniq_pikel
D:11:     portal_ice_cave_entry_ice_beasts
D:12:     david_orc_2, uniq_psyche
D:13:     kennysheep_big_flooded_room, erik_vaults_2, serial_shops, shop,
          lemuel_another_geyser
Temple:   zaba_magenta_temple_12
Lair:1:   grunt_forest_small_clearing_treed, infiniplex_staircase_pool
Lair:2:   uniq_gastronok
Lair:4:   grunt_megastairs_4
Lair:5:   minmay_snake_entry_six_corridors
Lair:6:   swamp_mist, uniq_harold
Lair:7:   lab_entry_generic, uniq_rupert
Lair:8:   minmay_lair_end_enchanted_forest, nicolae_slime_entry_slimehenge
